Map: Whispers of Gold

Players

llllllllllll

  • Race: Protoss Protoss
  • League: Master
  • Spawn Location: 5:00

Moja - Winner!

  • Race: Terran Terran
  • League: Master
  • Spawn Location: 9:00

VOD

Have the link to the VOD?

Description

Time

  • Played on: April 3, 2025, 5:25 p.m.
  • Length: 11:46
Show
View Real Time Build Order
Export as new Build Order

llllllllllll Protoss 

Build Orders: 1 Gate Expand, Blink Stalkers 

Get SALT Encoding   

  12  0:00  Probe  
  13  0:12  Probe  
  14  0:17  Pylon  
  14  0:24  Probe  
  15  0:32  Probe  
  15  0:37  Gateway  
  15  0:40  Probe  
  16  0:46  Assimilator  
  17  0:51  Probe  
  18  1:03  Probe  
  19  1:15  Probe  
  20  1:24  Cybernetics Core  
  20  1:25  Zealot  
  22  1:41  Nexus  
  22  1:47  Pylon  
  22  1:52  Probe  
  23  1:56  Adept  
  23  1:57  Assimilator  
  23  2:07  Warp Gate  
  25  2:09  Probe  
  26  2:16  Adept  
  26  2:21  Probe  
  29  2:33  Probe  
  29  2:35  Twilight Council  
  30  2:45  Probe  
  30  2:49  Probe  
  30  2:50  Stalker  
  31  2:54  Blink  
  31  2:57  Probe  
  31  2:58  Probe  
  35  3:04  Gateway  
  36  3:09  Probe  
  38  3:16  Probe  
  38  3:21  Probe  
  37  3:28  Probe  
  37  3:33  Robotics Facility  
  38  3:36  Gateway  
  38  3:37  Probe  
  38  3:40  Probe  
  40  3:46  Gateway  
  40  3:50  Probe  
  40  3:53  Pylon  
  40  3:54  Probe  
  42  4:02  Probe  
  43  4:06  Probe  
  43  4:07  Pylon, Stalker  
  46  4:12  Assimilator  
  46  4:14  Probe  
  46  4:16  Stalker, Warp Prism  
  49  4:20  Probe  
  50  4:30  Probe  
  53  4:32  Stalker  
  53  4:37  Stalker  
  57  4:47  Pylon, Stalker  
  57  4:48  Stalker  
  57  4:52  Observer  
  62  5:02  Pylon  
  62  5:05  Stalker  
  62  5:06  Stalker  
  66  5:19  Stalker x2  
  68  5:28  Probe  
  68  5:42  Probe  
  67  5:47  Probe  
  67  5:49  Stalker x4  
  70  5:54  Probe  
  71  5:59  Probe  
  67  6:06  Probe  
  68  6:11  Probe  
  68  6:13  Stalker x4  
  77  6:18  Probe  
  77  6:20  Pylon, Assimilator  
  78  6:26  Probe  
  78  6:30  Robotics Bay  
  78  6:31  Probe  
  78  6:33  Forge  
  78  6:35  Protoss Ground Weapons Level 1  
  78  6:38  Probe  
  75  6:43  Probe, Charge  
  68  6:48  Nexus  
  68  6:53  Probe  
  69  6:55  Probe  
  70  7:02  Colossus  
  70  7:05  Probe  
  70  7:07  Probe  
  72  7:11  Gateway x2  
  72  7:21  Probe  
  72  7:22  Probe  
  80  7:26  Extended Thermal Lance  
  80  7:33  Probe  
  80  7:34  Probe  
  82  7:42  Gateway  
  82  7:44  Colossus  
  82  7:45  Probe  
  82  7:46  Probe  
  82  7:47  Gateway  
  84  7:53  Pylon  
  84  8:00  Probe  
  84  8:03  Sentry x2  
  84  8:04  Pylon  
  95  8:08  Pylon  
  95  8:11  Zealot  
  97  8:13  Zealot  
  97  8:15  Zealot  
  97  8:17  Zealot  
  103  8:21  Pylon  
  102  8:32  Colossus, Pylon  
  102  8:38  Zealot x7  
  122  8:54  Zealot  
  124  9:00  Stalker x2, Zealot x3  
  134  9:16  Zealot x2  
  134  9:17  Zealot  
  98  9:24  Zealot x5  
  98  9:26  Colossus  
  86  9:42  Zealot x3  
  84  9:47  Nexus  
  84  9:52  Sentry x4  
  92  10:01  Probe  
  92  10:02  Probe  
  92  10:03  Probe  
  95  10:07  Stalker x3  
  95  10:10  Stalker  
  95  10:13  Probe  
  104  10:17  Zealot x2  
  104  10:19  Zealot  
  103  10:36  Stalker x3  
  103  10:37  Probe  
  104  10:43  Colossus, Pylon  
  104  10:46  Probe  
  100  10:51  Stalker  
  99  10:58  Probe  
  99  10:59  Zealot x3  
  99  11:02  Probe  
  111  11:10  Stalker  
  113  11:14  Photon Cannon  
  113  11:17  Probe  
  113  11:18  Photon Cannon  
  107  11:24  Probe  
  107  11:25  Probe x2  
  108  11:29  Zealot x3  
  108  11:30  Zealot  
  117  11:33  Probe  
  117  11:34  Photon Cannon  
Show
View Real Time Build Order
Export as new Build Order

Moja Terran - Winner!

Build Orders: Cyclone Opening, Gas First Reaper Expand 

Get SALT Encoding   

  12  0:00  SCV  
  13  0:12  SCV  
  14  0:17  Supply Depot  
  14  0:24  SCV  
  15  0:30  Refinery  
  15  0:39  SCV  
  16  0:45  Barracks  
  16  0:51  SCV  
  17  1:03  SCV  
  18  1:15  SCV  
  19  1:32  Orbital Command, Reaper  
  20  1:46  Command Center  
  20  1:57  SCV  
  20  2:01  Factory  
  21  2:06  Refinery  
  21  2:09  SCV  
  21  2:12  Barracks Tech Lab  
  22  2:18  Supply Depot  
  22  2:21  SCV  
  23  2:40  SCV  
  24  2:45  Barracks Reactor  
  24  2:50  Cyclone  
  27  2:52  SCV  
  27  2:55  Armory  
  28  2:58  Orbital Command  
  28  3:04  SCV  
  29  3:12  Starport  
  29  3:17  SCV  
  30  3:22  Orbital Command, Marine x2  
  32  3:32  Widow Mine  
  32  3:34  SCV  
  35  3:42  Drilling Claws  
  35  3:46  Supply Depot, SCV  
  35  3:48  SCV  
  37  3:50  Medivac  
  37  3:55  Widow Mine  
  41  3:57  Marine x2  
  41  3:59  SCV  
  41  4:00  SCV  
  45  4:07  Supply Depot  
  45  4:11  SCV  
  45  4:12  SCV  
  45  4:16  Widow Mine  
  49  4:22  Supply Depot  
  49  4:23  Bunker  
  49  4:25  SCV x2  
  49  4:27  Marine x2  
  53  4:37  SCV x2  
  55  4:39  Siege Tank  
  55  4:44  Marine x2  
  60  4:49  SCV x2  
  62  4:54  Supply Depot  
  62  4:58  Viking  
  63  5:02  Marine x2  
  63  5:03  SCV  
  63  5:04  SCV  
  63  5:06  Supply Depot  
  67  5:16  SCV x2  
  67  5:20  Marine x2  
  69  5:26  Siege Tank  
  69  5:28  SCV x2  
  73  5:40  SCV x2  
  71  5:44  Marine x2  
  71  5:45  Viking  
  68  5:52  SCV x2  
  58  6:02  Siege Tank  
  56  6:04  SCV x2  
  56  6:08  Marine x2  
  60  6:16  SCV x2  
  62  6:18  Command Center  
  62  6:28  SCV x2  
  64  6:40  SCV x2  
  60  6:52  Barracks, SCV  
  60  6:53  SCV  
  60  6:54  Barracks  
  60  6:55  Stimpack, Engineering Bay  
  60  6:56  Marauder  
  60  6:57  Factory Tech Lab  
  60  6:59  Barracks  
  62  7:04  SCV  
  62  7:05  SCV  
  64  7:08  Barracks  
  64  7:10  Barracks, Starport Reactor  
  64  7:13  Refinery  
  64  7:17  SCV x2  
  64  7:19  Marauder  
  64  7:21  Terran Infantry Weapons Level 1  
  68  7:26  Refinery  
  68  7:29  SCV x2  
  70  7:34  Orbital Command  
  70  7:40  Marine x2  
  70  7:41  SCV x2  
  70  7:42  Barracks Tech Lab  
  74  7:46  Marauder, Factory Reactor  
  74  7:50  Medivac  
  74  7:51  Medivac  
  80  7:53  SCV x2  
  80  7:54  Concussive Shells  
  80  7:55  Marauder  
  80  7:56  Barracks Reactor  
  84  8:02  Marauder, Marine x2  
  88  8:06  Marine  
  88  8:07  SCV  
  88  8:09  Supply Depot x2  
  88  8:12  Orbital Command  
  90  8:16  Marauder  
  90  8:17  SCV  
  93  8:20  Marine x2  
  93  8:22  SCV  
  93  8:24  Marauder  
  93  8:25  Marauder  
  100  8:29  SCV  
  100  8:33  Widow Mine x2  
  105  8:35  SCV  
  105  8:37  Marine x3  
  105  8:40  SCV  
  109  8:44  Supply Depot x2, SCV  
  109  8:45  Marauder  
  109  8:48  Marauder, Marine  
  115  8:50  Medivac  
  115  8:55  Supply Depot  
  117  8:56  Supply Depot  
  117  9:05  SCV x2, Medivac  
  117  9:06  Marauder, Widow Mine x2  
  125  9:15  Marauder, Marine x2  
  113  9:17  Marine  
  113  9:18  Marauder  
  113  9:23  Marine  
  100  9:27  Marauder  
  91  9:32  Marine x2  
  91  9:35  Marine  
  91  9:36  Marauder  
  91  9:37  SCV x2, Medivac x2  
  91  9:39  Marauder  
  91  9:41  Marine  
  91  9:42  Combat Shield  
  91  9:43  SCV  
  93  9:48  Marauder  
  93  9:49  SCV x2  
  93  9:50  Marine  
  98  9:55  SCV  
  98  9:58  Widow Mine x2  
  98  9:59  Marauder, Marine  
  106  10:01  SCV x2  
  106  10:02  Marauder, Marine  
  111  10:08  Marine  
  111  10:10  Marauder  
  114  10:21  Marauder  
  116  10:23  Marine  
  116  10:24  Marauder, Marine  
  120  10:30  Marine  
  120  10:31  Marauder  
  120  10:35  Marine, SCV  
  122  10:36  SCV, Widow Mine x2  
  122  10:42  Marauder  
  120  10:45  Marauder, Marine  
  120  10:48  SCV  
  120  10:49  Marine  
  123  10:52  Marauder  
  123  10:54  Marine  
  126  10:58  Widow Mine x2  
  126  11:00  Marine  
  126  11:01  SCV  
  126  11:02  SCV x2  
  126  11:04  Marauder  
  131  11:06  Viking, Engineering Bay  
  133  11:20  Supply Depot  
  133  11:21  Marauder x2  
  133  11:22  Supply Depot  
  141  11:28  Ghost Academy  
  141  11:29  Supply Depot  
  141  11:30  Supply Depot  
Tags
 
Add a new tag
Caveats
  • Supply blocks, unpowered buildings, or Contaminate may cause inaccurate times.
  • Supply counts are checked every 10 seconds.